 Dungeon Crawl Stone Soup version 0.27.1-2-g3b301248ec (webtiles) character file.

Game seed: 15907096110757850500

2138 MisterFreud the Magician (level 9, -4/65 HPs)
             Began as a Gnoll Venom Mage on Oct 4, 2021.
             Was a Plaything of Xom.
             Slain by Harold (6 damage)
             ... on level 7 of the Dungeon.
             The game lasted 00:14:25 (7375 turns).

MisterFreud the Magician (Gnoll Venom Mage)         Turns: 7375, Time: 00:14:25

Health: -4/65      AC:  9    Str:  6    XL:     9   Next: 30%
Magic:  11/18      EV: 14    Int: 17    God:    Xom [.....*]
Gold:   181        SH:  6    Dex: 13    Spells: 6/21 levels left

rFire    . . .     SeeInvis .   e - +0 dagger (elec)
rCold    . . .     Faith    .   x - +1 buckler
rNeg     . . .     Spirit   .   a - +0 robe
rPois    +         Reflect  .   (no helmet)
rElec    .         Harm     .   (no cloak)
rCorr    .         Rampage  .   c - +2 pair of gloves
Will     +....                  (no boots)
Stlth    +++.......             (no amulet)
HPRegen  0.20/turn              j - ring of willpower
MPRegen  0.16/turn              r - +4 ring of protection

@: brilliant, marked, unable to read, attractive, flying, very slightly
contaminated, invisible
A: fangs 1, strong nose, distributed training, poison resistance, screaming 1,
weak 1, inability to read while threatened
a: Renounce Religion


You were on level 7 of the Dungeon.
You worshipped Xom.
You were Xom's teddy bear.
You visited 1 branch of the dungeon, and saw 7 of its levels.

You collected 342 gold pieces.
You spent 161 gold pieces at shops.

Inventory:

Hand Weapons
 e - a +0 dagger of electrocution (weapon)
 q - a +5 quarterstaff
Armour
 a - a +0 robe (worn)
 c - a +2 pair of gloves (worn)
 x - a +1 buckler (worn)
Jewellery
 j - a ring of willpower (left hand)
 m - a ring of resist corrosion
 n - a +4 ring of evasion
 r - a +4 ring of protection (right hand)
Wands
 b - a wand of iceblast (10)
 k - a wand of flame (20)
 s - a wand of paralysis (6)
Scrolls
 i - 4 scrolls of teleportation
 u - 2 scrolls of fear
 v - a scroll of fog
Potions
 g - a potion of berserk rage
 h - 2 potions of lignification
 l - a potion of flight
 o - a potion of ambrosia {unknown}
 p - a potion of mutation {unknown}
 w - 2 potions of attraction


   Skills:
 + Level 4.1 Fighting
 + Level 4.1 Short Blades
 + Level 4.1 Long Blades
 + Level 4.1 Axes
 + Level 4.1 Maces & Flails
 + Level 4.1 Polearms
 + Level 4.1 Staves
 + Level 4.1 Slings
 + Level 4.1 Bows
 + Level 4.1 Crossbows
 + Level 4.1 Throwing
 + Level 4.1 Armour
 + Level 6.2 Dodging
 + Level 5.9 Stealth
 + Level 4.1 Shields
 + Level 4.1 Unarmed Combat
 + Level 6.5 Spellcasting
 + Level 3.3 Conjurations
 + Level 3.3 Hexes
 + Level 3.3 Summonings
 + Level 3.3 Necromancy
 + Level 3.3 Translocations
 + Level 4.0 Transmutations
 + Level 3.3 Fire Magic
 + Level 3.3 Ice Magic
 + Level 3.3 Air Magic
 + Level 3.3 Earth Magic
 + Level 6.5 Poison Magic
 + Level 4.5 Invocations
 + Level 4.1 Evocations


You had 6 spell levels left.
You knew the following spells:

 Your Spells              Type           Power      Damage    Failure   Level
a - Sting                 Tmut/Pois      100%       1d8       1%          1
b - Olgreb's Toxic Radia  Pois           41%        N/A       9%          4
c - Mephitic Cloud        Conj/Pois/Air  30%        N/A       6%          3
d - Ensorcelled Hibernat  Hex/Ice        50%        N/A       4%          2
e - Tukima's Dance        Hex            25%        N/A       9%          3
f - Blink                 Tloc           N/A        N/A       4%          2

Your spell library contained the following spells:

 Spells                   Type           Power      Damage    Failure   Level
 Poisonous Vapours        Pois/Air       66%        N/A       2%          2
 Corona                   Hex            27%        N/A       3%          1
 Foxfire                  Conj/Fire      100%       2x1d9     3%          1
 Corpse Rot               Necr/Air       N/A        N/A       4%          2
 Conjure Flame            Conj/Fire      25%        6-21      9%          3
 Inner Flame              Hex/Fire       25%        N/A       9%          3
 Lesser Beckoning         Tloc           12%        N/A       9%          3
 Dispel Undead            Necr           25%        3d12      30%         4
 Manifold Assault         Tloc           25%        N/A       63%         5
 Death Channel            Necr           12%        N/A       99%         6


Dungeon Overview and Level Annotations

Branches:
Dungeon (7/15)             Temple (0/1) D:4

Altars:
Elyvilon
Fedhas
Gozag
Hepliaklqana
Nemelex Xobeh
Ru
Sif Muna
Vehumet
Wu Jian
Xom
Yredelemnul

Shops:
D:2 *   D:4 (   D:5 [((?=

Annotations:
D:4 1 runed translucent door
D:6 2 transporters
D:7 Harold, Joseph


Innate Abilities, Weirdness & Mutations

You have very sharp teeth.
Your uncanny sense of smell can sniff out nearby items.
Your experience applies equally to all skills.
Your system is resistant to poisons. (rPois)
You occasionally shout uncontrollably at your foes.
You are weak. (Str -2)
You sometimes lose the ability to read scrolls when taking damage.


Message History

Unknown command.
Unknown command.
Unknown command.
You cannot read scrolls in your current state!
Unknown command.
Unknown command.
Unknown command.
Unknown command.
It was a potion of attraction.
You feel attractive to monsters.
Joseph looks even sicker.
Harold looks even sicker.
The bullfrog looks even sicker.
Your toxic aura wanes.
Harold hits you but does no damage.
Joseph shoots a sling bullet.
The sling bullet hits you!
* * * LOW HITPOINT WARNING * * *
Xom thinks this is hilarious!
Joseph is pulled toward you!
Unknown command.
It was a potion of flight.
You feel very buoyant.
You fly up into the air.
The bullfrog hits you but does no damage.
Harold barely misses you.
Joseph shoots a sling bullet.
You block the sling bullet. The bullfrog closely misses you.
Joseph is pulled toward you!
Okay, then.
Unknown command.
It was a potion of brilliance.
You feel clever all of a sudden.
Xom roars with laughter!
Harold casts a spell at you. A sentinel's mark forms upon you.
You block the bullfrog's attack.
Joseph drinks a potion.
Joseph is healed!
Joseph looks more healthy.
It was a potion of invisibility.
You fade into invisibility!
You block the bullfrog's attack. Harold hits you with a +0 glaive.
You die...
Xom roars with laughter!

...........#..
.........$...##.
................
..<......#......
................
.....=..........
................
#.....§@§.......
......#F@@......
......§§§.......
.......)..[.....
........#.....#.
.#........#...#
#...........##
#.(...........
#.............


You could see Harold (very poisoned), Joseph and a bullfrog (very poisoned).

Vanquished Creatures
  Pikel (D:4)
  Grinder (D:3)
  Sigmund (D:4)
  Menkaure (D:5)
  Edmund (D:5)
  2 water moccasins (D:6)
  2 sky beasts (D:5)
  2 phantoms
  A bullfrog (D:5)
  A water moccasin zombie (D:5)
  A wyvern zombie (D:5)
  A wyvern skeleton (D:6)
  A water moccasin skeleton (D:5)
  A howler monkey (D:5)
  A jelly (D:6)
  Jessica (D:3)
  A bullfrog skeleton (D:6)
  A scorpion zombie (D:5)
  Ijyb (D:5)
  2 iguanas
  An orc wizard (D:4)
  A gnoll (D:1)
  5 adders
  A white imp (D:6)
  An ufetubus (D:5)
  An adder skeleton (D:4)
  2 worms
  3 dart slugs (D:1)
  7 orcs
  5 ball pythons
  2 endoplasms
  2 giant cockroaches
  4 goblins
  5 hobgoblins
  7 kobolds
  2 quokkas
  5 bats
  A frilled lizard (D:1)
  A quokka skeleton (D:4)
  6 rats
86 creatures vanquished.

Vanquished Creatures (collateral kills)
  4 lemures (D:4)
  An orc priest (D:6)
  An orc wizard (D:6)
6 creatures vanquished.

Grand Total: 92 creatures vanquished

Notes
Turn   | Place    | Note
-------+----------+-------------------------------------------
     0 | D:1      | MisterFreud the Gnoll Venom Mage began the quest for the
                  | Orb.
     0 | D:1      | Reached XP level 1. HP: 13/13 MP: 6/6
    37 | D:1      | Reached XP level 2. HP: 11/20 MP: 2/7
   239 | D:1      | You fall into a shaft and drop 1 floor!
   338 | D:2      | Found a faded altar of an unknown god.
   342 | D:2      | Became a worshipper of Xom of Chaos
   608 | D:1      | XOM: cloud trail
   637 | D:1      | Reached skill level 5 in Spellcasting
   637 | D:1      | Reached XP level 3. HP: 25/25 MP: 6/9
   772 | D:1      | XOM: cloud trail
   959 | D:1      | XOM: silly message
   966 | D:1      | Reached skill level 1 in Invocations
  1047 | D:2      | XOM: god gift: sapphire potion {god gift}
  1062 | D:2      | Reached skill level 1 in Fighting
  1062 | D:2      | Reached skill level 1 in Short Blades
  1062 | D:2      | Reached skill level 1 in Long Blades
  1062 | D:2      | Reached skill level 1 in Axes
  1062 | D:2      | Reached skill level 1 in Maces & Flails
  1062 | D:2      | Reached skill level 1 in Polearms
  1062 | D:2      | Reached skill level 1 in Staves
  1062 | D:2      | Reached skill level 1 in Slings
  1062 | D:2      | Reached skill level 1 in Bows
  1062 | D:2      | Reached skill level 1 in Crossbows
  1062 | D:2      | Reached skill level 1 in Throwing
  1062 | D:2      | Reached skill level 1 in Armour
  1062 | D:2      | Reached skill level 1 in Shields
  1062 | D:2      | Reached skill level 1 in Unarmed Combat
  1062 | D:2      | Reached skill level 1 in Evocations
  1226 | D:2      | Reached XP level 4. HP: 24/32 MP: 6/11
  1231 | D:2      | Learned a level 4 spell: Olgreb's Toxic Radiance
  1235 | D:2      | Learned a level 3 spell: Mephitic Cloud
  1674 | D:2      | Found Ytaenac's Assorted Antiques.
  1678 | D:2      | Bought a green potion for 23 gold pieces
  2059 | D:3      | Noticed Grinder
  2248 | D:4      | XOM: 4-stop teleportation journey
  2555 | D:3      | XOM: 1-stop teleportation journey
  2560 | D:3      | XOM: enchant monster (bad)
  2563 | D:3      | XOM: noise
  2564 | D:3      | Killed Grinder
  2565 | D:3      | Reached skill level 1 in Conjurations
  2565 | D:3      | Reached skill level 1 in Hexes
  2565 | D:3      | Reached skill level 1 in Summonings
  2565 | D:3      | Reached skill level 1 in Necromancy
  2565 | D:3      | Reached skill level 1 in Translocations
  2565 | D:3      | Reached skill level 1 in Fire Magic
  2565 | D:3      | Reached skill level 1 in Ice Magic
  2565 | D:3      | Reached skill level 1 in Air Magic
  2565 | D:3      | Reached skill level 1 in Earth Magic
  2565 | D:3      | Reached XP level 5. HP: 24/38 MP: 12/12
  2565 | D:3      | Reached XP level 6. HP: 28/44 MP: 13/13
  2836 | D:3      | Noticed Jessica
  2847 | D:3      | Killed Jessica
  2864 | D:3      | XOM: give mutations
  2864 | D:3      | Gained mutation: You occasionally shout uncontrollably at
                  | your foes. [Xom's mischief]
  2864 | D:3      | Gained mutation: You sometimes lose the ability to read
                  | scrolls when taking damage. [Xom's mischief]
  2864 | D:3      | Gained mutation: You are weak. (Str -2) [Xom's mischief]
  3090 | D:3      | Found a sparkling altar of Nemelex Xobeh.
  3090 | D:3      | Found a white marble altar of Elyvilon.
  3224 | D:3      | Found a blossoming altar of Fedhas.
  3296 | D:4      | Noticed Pikel
  3304 | D:4      | XOM: 6-stop teleportation journey
  3308 | D:4      | XOM: 1-stop teleportation journey
  3368 | D:4      | Found a radiant altar of Vehumet.
  3402 | D:4      | Found Poqaqada's Weapon Boutique.
  3439 | D:4      | XOM: cast spell 'Discord'
  3462 | D:4      | XOM: smoke on damage
  3469 | D:4      | Found a staircase to the Ecumenical Temple.
  3469 | D:4      | XOM: 8-stop teleportation journey
  3471 | D:4      | XOM: divination: detect items
  3474 | D:4      | Killed Pikel
  3475 | D:4      | Reached skill level 5 in Dodging
  3475 | D:4      | Reached skill level 5 in Stealth
  3475 | D:4      | Reached XP level 7. HP: 30/51 MP: 11/15
  3698 | D:4      | XOM: divination: detect creatures
  3827 | D:4      | XOM: silly message
  3831 | D:4      | Noticed a human
  3832 | D:4      | Found a runed translucent door.
  3875 | D:4      | Noticed Sigmund
  3877 | D:4      | XOM: potion effect (magic)
  3880 | D:4      | XOM: silly message
  3883 | D:4      | XOM: silly message
  3890 | D:4      | Killed Sigmund
  4088 | D:4      | Found a hazy altar of Hepliaklqana.
  4089 | D:4      | Found a faded altar of an unknown god.
  4098 | D:4      | Reached XP level 8. HP: 40/57 MP: 14/16
  4161 | D:4      | XOM: divination: detect creatures
  4236 | D:4      | Found a basalt altar of Yredelemnul.
  4564 | D:4      | XOM: give mutation
  4564 | D:4      | Gained mutation: You are very weak. (Str -4) [Xom's
                  | mischief]
  4582 | D:5      | Entered Level 5 of the Dungeon
  4676 | D:5      | Found Mooxt's Antique Weapon Shoppe.
  4731 | D:5      | Noticed Ijyb
  4736 | D:5      | Paralysed by Ijyb for 2 turns
  4752 | D:5      | Killed Ijyb
  4858 | D:5      | Found an opulent altar of Gozag.
  4901 | D:5      | Noticed Menkaure
  4906 | D:5      | Killed Menkaure
  4922 | D:5      | Noticed Edmund
  4925 | D:5      | Killed Edmund
  4946 | D:5      | Learned a level 2 spell: Ensorcelled Hibernation
  4950 | D:5      | Learned a level 3 spell: Tukima's Dance
  5070 | D:5      | XOM: summons 2 hostile demons
  5490 | D:5      | Found a shimmering blue altar of Sif Muna.
  5556 | D:5      | Found Hoinunnaru's Armour Shop.
  5565 | D:5      | XOM: summons 3 hostile shadow creatures
  5671 | D:5      | XOM: 2-stop teleportation journey
  5722 | D:5      | XOM: scenery: 1 doors close
  5803 | D:5      | Found Osun's Antique Weapon Boutique.
  5832 | D:5      | Found Qakidgh's Magic Scroll Boutique.
  5840 | D:5      | Bought a scroll of fear for 42 gold pieces
  5840 | D:5      | Bought a scroll of teleportation for 36 gold pieces
  5840 | D:5      | Bought a scroll of fog for 24 gold pieces
  5840 | D:5      | Bought a scroll of teleportation for 36 gold pieces
  5988 | D:5      | XOM: give mutations
  5988 | D:5      | Lost mutation: You are very weak. (Str -4) [Xom's grace]
  5988 | D:5      | Gained mutation: Your system is resistant to poisons.
                  | (rPois) [Xom's grace]
  6009 | D:5      | Found Noddano's Jewellery Boutique.
  6139 | D:5      | XOM: cleaving
  6157 | D:5      | XOM: summons 3 friendly demons
  6161 | D:5      | Reached XP level 9. HP: 56/65 MP: 18/18
  6192 | D:6      | Found a transporter.
  6539 | D:6      | XOM: summons friendly rust devil
  6673 | D:6      | XOM: scenery: create altars
  6777 | D:6      | Found a sacrificial altar of Ru.
  6844 | D:6      | Found an ornate altar of the Wu Jian Council.
  6941 | D:6      | Learned a level 2 spell: Blink
  7023 | D:6      | Found a transporter.
  7104 | D:6      | XOM is BORED!
  7104 | D:6      | XOM: torment (34/65 hp)
  7312 | D:7      | Noticed Joseph
  7313 | D:7      | Noticed Harold
  7368 | D:7      | XOM: smoke on damage
  7372 | D:7      | HP: 1/65 [Joseph/sling bullet (12)]
  7375 | D:7      | Slain by Harold

Illustrated notes

Levels and vault maps discovered:
D:1:      psy_arrival_dodecagon, layout_rooms
D:2:      layout_basic, serial_shops, shop,
          hellmonk_ecumenical_altar_heavens_door
D:3:      layout_basic, mainiacjoe_overflow_24_doors,
          gammafunk_temple_overflow_statue, uniq_grinder, uniq_jessica
D:4:      layout_gridville, dk_yredelemnul_ordeal, mainiacjoe_overflow_brackets,
          beargit_hepliaklqana_dungeon_heroes, minmay_temple_entry_antechambers,
          serial_shops, kennysheep_little_box, uniq_pikel, uniq_sigmund
D:5:      layout_basic, lemuel_tele_altar, grunt_gozag_breadcrumbs,
          serial_shops, shop, nicolae_shop_stone, nicolae_inconvenience_store,
          shop, nicolae_shop_statue_plus, uniq_ijyb, uniq_edmund, uniq_menkaure
D:6:      gammafunk_cloud_chamber, layout_basic,
          mainiacjoe_overflow_surrounded_room, mainiacjoe_overflow_alcove_4,
          hangedman_decor_peaks_small
D:7:      layout_rooms, uniq_joseph, uniq_harold

Skill      XL: |  1  2  3  4  5  6  7  8  9 |
---------------+----------------------------+-----
Transmutations | 2 3 4 |  4.0
Spellcasting   | 5 6 |  6.5
Invocations    | 1 2 3 4 |  4.5
Fighting       | 1 2 3 4 |  4.1
Short Blades   | 1 2 3 4 |  4.1
Long Blades    | 1 2 3 4 |  4.1
Axes           | 1 2 3 4 |  4.1
Maces & Flails | 1 2 3 4 |  4.1
Polearms       | 1 2 3 4 |  4.1
Staves         | 1 2 3 4 |  4.1
Slings         | 1 2 3 4 |  4.1
Bows           | 1 2 3 4 |  4.1
Crossbows      | 1 2 3 4 |  4.1
Throwing       | 1 2 3 4 |  4.1
Armour         | 1 2 3 4 |  4.1
Shields        | 1 2 3 4 |  4.1
Unarmed Combat | 1 2 3 4 |  4.1
Evocations     | 1 2 3 4 |  4.1
Conjurations   | 1 2 3 |  3.3
Hexes          | 1 2 3 |  3.3
Summonings     | 1 2 3 |  3.3
Necromancy     | 1 2 3 |  3.3
Translocations | 1 2 3 |  3.3
Fire Magic     | 1 2 3 |  3.3
Ice Magic      | 1 2 3 |  3.3
Air Magic      | 1 2 3 |  3.3
Earth Magic    | 1 2 3 |  3.3
Dodging        | 5 6 |  6.2
Stealth        | 5 |  5.9
Poison Magic   | 6 |  6.5

Action                   |  1- 3 |  4- 6 |  7- 9 || total
-------------------------+-------+-------+-------++-------
Melee: Dagger            |     5 |    30 |   183 ||   218
       Bite              |       |     4 |    20 ||    24
       Quarterstaff      |       |       |    19 ||    19
       Punch             |       |       |     1 ||     1
 Cast: Sting             |    51 |    22 |    16 ||    89
       Olgreb's Toxic Ra |       |     1 |     3 ||     4
       Tukima's Dance    |       |       |     1 ||     1
  Use: Scroll            |     2 |     2 |     7 ||    11
       Potion            |       |     1 |     4 ||     5
 Stab: Sleeping          |     1 |     2 |     8 ||    11
Armor: Robe              |     8 |     4 |    48 ||    60
Dodge: Dodged            |    20 |    14 |   114 ||   148
Block: Buckler           |       |       |    10 ||    10
